Rage, chaotic male human Monk ------ ------ |....| |....| #....<| |..)..# `##|....| |....|# # |.{..| |....|# ### |....+ ---|--# # |....| # #### ----.- [ ## # # # -----------|--- |......>.....$+ ............@.| |..........d... |.............| .......| --------------- ------- Rage the Novice Experience level: 3 Strength: 18/01 Dexterity: 14 Constitution: 9 Intelligence: 11 Wisdom: 14 Charisma: 7 Health: 0(34) Energy: 22(22) Def: 6 Gold: 218 Moves: 914 Dungeon seed: YV1YBo5eGVIpd1OU Game ID: Rage_1547320005 Your Inventory: Coins $ - 218 gold pieces Weapons p - a cursed -1 orcish dagger x - a +0 orcish spear A - a +0 fauchard (weapon in hands) Armor e - an uncursed +2 pair of leather gloves (being worn) n - a blessed +1 robe (being worn) Comestibles d - 3 uncursed food rations f - 4 uncursed apples g - 7 uncursed oranges h - 4 uncursed fortune cookies z - an uncursed gecko corpse Scrolls m - a blessed scroll of light s - a cursed scroll of identify u - an uncursed scroll of teleportation Spellbooks a - a blessed spellbook of sleep Potions c - 3 uncursed potions of healing j - a cursed potion of sickness t - an uncursed potion of water B - an uncursed potion of see invisible Wands k - a cursed wand of secret door detection (0:13) Tools i - an uncursed oil lamp (0:1462) o - a tinning kit (0:42) q - an uncursed bell Spells and supernatural/magical abilities: Name Level Category Fail Memory z - sleep 1 enchantment 0% 96% W - pray for help -- divine ? -- Your skills at the end: Fighting Skills martial arts [Basic] Weapon Skills Spellcasting Skills healing spells [Basic] Final Attributes: You were piously aligned. You were sleep resistant. You were poison resistant. You saw invisible. You were fast. You are dead. Vanquished creatures: a rock piercer a wererat 6 manes a large kobold a gecko 2 foxes 3 goblins a sewer rat 4 grid bugs 2 kobold zombies 4 newts 26 creatures vanquished. Voluntary challenges: You followed a strict vegan diet. You used a wielded weapon 13 times, starting on turn 858. You read items or engraved 2 times, starting on turn 141. You never genocided any monsters. You never polymorphed an object. You never changed form. You used no wishes. You never split a pudding. You never wrote Elbereth's name. You never violated your personal moral code. Dungeon overview: The Dungeons of Doom: levels 1 to 6 Level 1 a fountain a long staircase Level 2 a fountain Level 3 an altar to Shan Lai Ching Level 5 Level 6 <- You were here a fountain History has recorded: On T:1 you entered the Dungeons of Doom to retrieve the Amulet of Yendor! On T:235 you reached level 2 of The Dungeons of Doom. On T:539 you reached level 3 of The Dungeons of Doom. On T:588 you advanced to experience level 2. On T:740 you reached level 5 of The Dungeons of Doom. On T:746 you advanced to experience level 3. On T:869 you reached level 6 of The Dungeons of Doom. Score breakdown: Gold: 218 ( 7961 points) Experience: 3 levels ( 7878 points) Exploration: 6 levels ( 12.77%) ( 9890 points) Discoveries: 1 item ( 0.36%) ( 1796 points) Valuables value: (no points given unless you survive) Artifact value: 0 ( 0 points) Variety of kills: 11 monsters ( 2.89%) ( 5097 points) Turncount: 914 turns ( 0 points) Survival: died (score multiplied by 80%) Total score: 26097 Latest messages: The manes misses. You destroy the manes! (2x) The manes hits! (2x) The manes bites! You destroy the manes! (2x) You hit the manes! The manes turns to flee! The manes hits! (2x) The manes misses. You destroy the manes! (2x) The little dog bites! You miss the little dog. The little dog bites! (2x) You hit the little dog. The little dog misses. (2x) The little dog bites! You miss the little dog. The little dog just misses! You hit the little dog! You miss the little dog. The little dog bites! (2x) You die... Final status: Goodbye Rage the Monk, killed by a little dog... You died in The Dungeons of Doom on dungeon level 6 with 26097 points, and 218 pieces of gold, after 914 moves. You were level 3 with a maximum of 34 hit points when you died.